AoeStats
← Dragonhell0106

Black Forest

510449805Analyzed
2v2 RM · 17h ago on Oct 1, 2026· 28m 13s· 4 players
Game mode
Random Map
Map size
Medium (4 player)
Population
200
Speed
Normal
Resources
Standard
Victory
Conquest
Starting age
Dark Age
Ending age
Imperial Age
RankedLock teamsTeams togetherTeam positionsShared explorationLock speedFull tech treeHidden civsTurbo modeCheats
Victory
Defeat
623
+18
622
+18
🇨🇴 Varangians · Colombia
683
-19
🇺🇸 Ethiopians · United States
637
-17
Dragonhell0106
0:30 Loom
17:45 Feudal Age
18:42 Double-Bit Axe
19:33 Horse Collar
26:03 Castle Age
yeray_pacheco
0:30 Loom
14:01 Feudal Age
15:28 Wheelbarrow
14:37 Horse Collar
15:03 Double-Bit Axe
23:33 Castle Age
22:40 Stone Mining
22:42 Gold Mining
23:33 Town Watch
24:54 Stone Shaft Mining
24:26 Fletching
24:37 Padded Archer Armor
26:42 Crossbowman
27:20 Bodkin Arrow
EL RABINO GOLDMAN [BalaDeLeche]
7:30 Loom
17:36 Feudal Age
21:57 Castle Age
el_viola_perros [BalaDeLeche]
2:37 Loom
13:13 Feudal Age
15:24 Bloodlines
17:53 Scale Barding Armor
19:30 Forging
Connection lost

Rejoining the realm…

Still unreachable

The connection could not be restored.

Session expired

The server has moved on; the page needs a fresh start.